 Dungeon Crawl Stone Soup version 0.30.0-29-ga12c61a403 (webtiles) character file.

Game seed: 316470837407591432

39 qw the Chopper (level 3, -1/23 HPs)
             Began as a Gargoyle Fighter on June 3, 2023.
             Slain by a gnoll
             ... wielding a +0 halberd
              (5 damage)
             ... on level 2 of the Dungeon.
             The game lasted 00:00:35 (1334 turns).

qw the Chopper (Gargoyle Fighter)                   Turns: 1334, Time: 00:00:35

Health: -1/23      AC: 12    Str: 21    XL:     3   Next: 45%
Magic:  3/3        EV:  9    Int:  8    God:
Gold:   56         SH:  4    Dex:  9    Spells: 2/2 levels left

rFire   . . .        Y - +0 war axe
rCold   . . .        c - +0 buckler
rNeg    + . .        b - +0 scale mail
rPois   inf          (no helmet)
rElec   +            h - +1 cloak
rCorr   .            (no gloves)
SInv    .            (no boots)
Will    .....        (no amulet) Stlth
                     (no ring)
HPRegen 0.23/turn    (no ring)
MPRegen 0.08/turn

%: no passive effects
@: no status effects
A: sickness immunity, AC +3, negative energy resistance 1, electricity
resistance, torment resistance 1, petrification resistance
a: no special abilities


You were on level 2 of the Dungeon.
You visited 1 branch of the dungeon, and saw 2 of its levels.

You collected 56 gold pieces.


Innate Abilities, Weirdness & Mutations

You are immune to sickness and miasma.
Your stone body is resilient. (AC +3)
You are immune to poison.
You resist negative energy. (rN+)
You are resistant to electric shocks. (rElec)
You are resistant to unholy torment.
You are immune to petrification.


   Skills:
 - Level 3.2 Fighting
 + Level 3.4 Axes
 - Level 3.2 Armour
 - Level 3.2 Shields


You had 2 spell levels left.
You didn't know any spells.
Your spell library was empty.

Inventory:

Hand Weapons
 e - a +0 whip
 Y - a +0 war axe (weapon)
Armour
 b - a +0 scale mail (worn)
 c - a +0 buckler (worn)
 h - a +1 cloak (worn)
 k - the +3 leather armour "Meseu" {rF+ rCorr Stlth-}
   (You found it on level 2 of the Dungeon)

   rF:        It protects you from fire.
   rCorr:     It protects you from acid and corrosion.
   Stlth:     It makes you less stealthy.
Scrolls
 a - 2 scrolls of immolation {unknown}
 f - 2 scrolls of magic mapping {unknown}
 g - a scroll of identify
Potions
 d - a potion of might
 i - a potion of heal wounds {unknown}
 j - a potion of curing {unknown}

Dungeon Overview and Level Annotations

Branches:
Dungeon (2/15)

Altars:

Shops:
D:1 ?


Message History

Enter note:
1321 ||| Stepping ~*~*~tactically~*~*~ (hiding).
You start waiting.
A gnoll is nearby!
You hit the gnoll.
The gnoll is moderately wounded.
The gnoll hits you but does no damage.
You hit the gnoll but do no damage.
The gnoll is moderately wounded.
The gnoll hits you from afar with a +0 halberd!
You block the gnoll's attack. The gnoll hits you but does no damage.
The gnoll hits you with a +0 club. The gnoll closely misses you. x2
You closely miss the gnoll.
The gnoll is moderately wounded.
You barely miss the gnoll. The gnoll closely misses you.
The gnoll completely misses you. The gnoll closely misses you. x2
You barely miss the gnoll.
The gnoll is moderately wounded.
You slash the gnoll! The gnoll closely misses you.
The gnoll hits you but does no damage. The gnoll misses you.
The gnoll hits you but does no damage.
You barely miss the gnoll.
The gnoll is heavily wounded.
You hit the gnoll but do no damage.
The gnoll hits you from afar with a +0 halberd.
The gnoll hits you but does no damage. The gnoll closely misses you.
The gnoll barely misses you. The gnoll closely misses you.
The gnoll barely misses you. You block the gnoll's attack.
The gnoll hits you from afar with a +0 halberd!
You closely miss the gnoll.
The gnoll is heavily wounded.
You closely miss the gnoll. The gnoll misses you. The gnoll closely misses you.
The gnoll hits you but does no damage. x2
You completely miss the gnoll.
The gnoll is heavily wounded.
You closely miss the gnoll.
The gnoll hits you from afar with a +0 halberd.
You die...

..... #.... #####
.... # ...### #
....#+#### #
........# #
.gg....# #
#g.....# #
######@g....# #
#....+.....<######
# #....####.....#
# #.............#
#######
#....###.....#
#.[....
#.....(....###
#......
........##.#
#......
#########..%.<..#
#......
#.............###
#......


You could see 4 gnolls.

Vanquished Creatures
  An adder (D:2)
  A dart slug (D:2)
  3 ball pythons
  2 bats (D:2)
  2 endoplasms (D:1)
  A giant cockroach (D:2)
  3 goblins
  3 hobgoblins
  3 kobolds (D:1)
  A quokka (D:2)
  A frilled lizard (D:2)
  4 rats
25 creatures vanquished.

Notes
Turn   | Place    | Note
-------+----------+-------------------------------------------
     0 | D:1      | qw the Gargoyle Fighter began the quest for the Orb.
     0 | D:1      | Reached XP level 1. HP: 14/14 MP: 1/1
     0 | D:1      | 0 ||| qw: Version: 0.2-a-103-g5a998e5
     0 | D:1      | 0 ||| qw: Game counter: 1020
     0 | D:1      | 0 ||| qw: Always use a shield: true
     0 | D:1      | 0 ||| qw: God list: Okawaru
     0 | D:1      | 0 ||| qw: Allow faded altars: false
     0 | D:1      | 0 ||| qw: Do Orc after D:15 true
     0 | D:1      | 0 ||| qw: Do second Lair branch before Depths: true
     0 | D:1      | 0 ||| qw: Lair rune preference: random
     0 | D:1      | 0 ||| qw: Plans: Normal, Zot:1-4, Slime:5, God:TSO, Crypt,
                  | Tomb, Pan, Hells, Abyss, Win
     0 | D:1      | 0 ||| PLANNING D:1-11
    47 | D:1      | Found Dofad's Magic Scroll Shoppe.
   106 | D:1      | 106 ||| SHOPLISTING scroll of brand weapon (114 gold, have
                  | 0).
   106 | D:1      | 106 ||| SHOPLISTING scroll of enchant weapon (90 gold, have
                  | 0).
   106 | D:1      | 106 ||| SHOPLISTING scroll of identify (24 gold, have 0).
   106 | D:1      | 106 ||| SHOPLISTING scroll of teleportation (36 gold, have
                  | 0).
   238 | D:1      | Reached XP level 2. HP: 18/19 MP: 2/2
   596 | D:1      | Found a faded altar of an unknown god.
   948 | D:1      | 948 ||| UPGRADING to +1 cloak.
   953 | D:1      | 953 ||| READING scroll labelled GABROMPUHUI.
   954 | D:1      | 954 ||| READING 2 scrolls labelled VUZIES YTOMM.
   955 | D:1      | 955 ||| READING scroll labelled HAOPLA PEALAY.
   956 | D:1      | 956 ||| READING scroll labelled ZOSIP BIDOU.
   995 | D:2      | 995 ||| Stepping ~*~*~tactically~*~*~ (stealth).
  1062 | D:2      | Reached skill level 3 in Axes
  1062 | D:2      | Reached XP level 3. HP: 18/23 MP: 3/3
  1114 | D:2      | 1114 ||| Stepping ~*~*~tactically~*~*~ (stealth).
  1131 | D:2      | Identified the +3 leather armour "Meseu" {rF+ rCorr Stlth-}
  1321 | D:2      | 1321 ||| Stepping ~*~*~tactically~*~*~ (hiding).
  1332 | D:2      | HP: 4/23 [gnoll/+0 halberd (10)]
  1334 | D:2      | Slain by a gnoll

Levels and vault maps discovered:
D:1:      matt_arrival_spirals, layout_loops_ring,
          dreamdust_ecumenical_altar_grove, serial_shops, shop, minmay_bisected
D:2:      layout_basic, minmay_misc_feat_room

Skill      XL: |  1  2 |
---------------+-------+-----
Axes           | 2 3 |  3.4
Fighting       | |  3.2
Armour         | |  3.2
Shields        | |  3.2

Action                     || total
---------------------------++-------
  Melee: War axe           ||    91
    Use: Scroll            ||     4
 Armour: Scale mail        ||    52
  Dodge: Dodged            ||    48
  Block: Buckler           ||    16

Table legend:
 A = Non-vault XP
 B = Vault XP
 C = Vault XP percentage of total XP
 D = Non-vault monster count
 E = Vault monster count
 F = Vault count percentage of total count
                 A         B        C        D         E       F
            +---------+---------+-------+---------+---------+-------
      Total |      52 |       4 |   7.1 |      23 |       2 |   8.0
            +---------+---------+-------+---------+---------+-------
        D:1 |      17 |       4 |  19.0 |      10 |       2 |  16.7
        D:2 |      35 |       0 |   0.0 |      13 |       0 |   0.0
            +---------+---------+-------+---------+---------+-------
